 Dungeon Crawl Stone Soup version 0.28-a0-909-g796cbd3a86 (webtiles) character file.

Game seed: 5053720290310478037

215 Htamos the Sneak (level 6, -4/35 HPs)
             Began as a Kobold Enchanter on Nov 24, 2021.
             Slain by Edmund (10 damage)
             ... on level 3 of the Dungeon.
             The game lasted 00:06:05 (3352 turns).

Htamos the Sneak (Kobold Enchanter)                 Turns: 3352, Time: 00:06:06

Health: -4/35      AC:  3    Str: 11 (12) XL:     6   Next: 15%
Magic:  10/10      EV: 15    Int: 14 (17) God:
Gold:   74         SH:  0    Dex: 14 (16) Spells: 9/11 levels left

rFire   . . .      SeeInvis .   a - +1 dagger
rCold   . . .      Faith    .   (shield restricted)
rNeg    . . .      Spirit   .   b - +0 robe
rPois   .          Reflect  .   (no helmet)
rElec   .          Harm     .   (no cloak)
rCorr   .          Rampage  .   (no gloves)
Will    .....                   r - +0 pair of boots
Stlth   ++++......              (no amulet)
HPRegen 0.11/turn               m - +6 ring of strength
MPRegen 0.12/turn               (no ring)

@: on berserk cooldown, attractive, slowed, very slow
A: small, no large weapons, nightstalker 3
a: no special abilities


You were on level 3 of the Dungeon.
You visited 1 branch of the dungeon, and saw 4 of its levels.

You collected 74 gold pieces.

Inventory:

Hand Weapons
 a - a +1 dagger (weapon)
 q - a +0 hunting sling
Missiles
 c - a throwing net (quivered)
Armour
 b - a +0 robe (worn)
 r - a +0 pair of boots (worn)
Jewellery
 m - a +6 ring of strength (left hand)
Scrolls
 d - a scroll of magic mapping {unknown}
 e - a scroll of noise {unknown}
 g - a scroll of enchant weapon {unknown}
 h - a scroll of blinking {unknown}
 i - a scroll of fear {unknown}
 k - a scroll of brand weapon {unknown}
 l - 2 scrolls of identify {@rr}
 s - a scroll of immolation


   Skills:
 + Level 2.0 Fighting
 + Level 3.2 Short Blades
 + Level 3.3 Dodging
 + Level 5.0 Stealth
 + Level 3.1 Spellcasting
 + Level 3.5 Hexes
 + Level 1.8 Ice Magic


You had 9 spell levels left.
You knew the following spells:

 Your Spells              Type           Power      Damage    Failure   Level
a - Ensorcelled Hibernat  Hex/Ice        18%        N/A       11%         2

Your spell library contained the following spells:

 Spells                   Type           Power      Damage    Failure   Level
 Confusing Touch          Hex            12%        N/A       16%         3
 Tukima's Dance           Hex            12%        N/A       16%         3
 Beastly Appendage        Tmut           4%         N/A       22%         1
 Dazzling Flash           Conj/Hex       14%        N/A       30%         3
 Wereblood                Tmut           2%         N/A       32%         2
 Spider Form              Tmut/Pois      2%         N/A       54%         3


Dungeon Overview and Level Annotations

Branches:
Dungeon (4/15)
 Temple: D:4-7

Altars:

Annotations:
D:3 Edmund


Innate Abilities, Weirdness & Mutations

You are small and have problems with some larger weapons.
You are completely attuned to the shadows.


Message History

Edmund hits you with a +2 dire flail of protection!
Unknown command.
It was a potion of berserk rage.
A red film seems to cover your vision as you go berserk!
You feel yourself moving faster!
You feel mighty!
Edmund hits you with a +2 dire flail of protection.
* * * LOW HITPOINT WARNING * * *
Unknown command.
You barely miss Edmund. You hit Edmund.
Edmund is lightly wounded.
Edmund barely misses you.
You completely miss Edmund.
Edmund is lightly wounded.
You feel a strong urge to attack something.
You feel your anger nearly subside. Edmund is attracted toward you.
You hit Edmund but do no damage.
Edmund is lightly wounded.
You are no longer berserk.
You are exhausted.
You feel yourself slow down.
Edmund mutters, "Who needs spells, anyway?"
Edmund misses you.
It was a potion of curing.
You feel better.
Edmund hits you with a +2 dire flail of protection!
* * * LOW HITPOINT WARNING * * *
Unknown command.
It was a potion of degeneration.
There was something very wrong with that liquid.
You feel weakened.
You feel dopey.
You feel clumsy.
Edmund hits you with a +2 dire flail of protection.
* * * LOW HITPOINT WARNING * * *
Edmund completely misses you.
Unknown command.
As you read the scroll labelled XECILA NOTA, it crumbles to dust.
It is a scroll of identify.
s - a scroll of immolation Edmund hits you with a +2 dire flail of protection!
You die...

############# #...#.......#
#.#.#.#####.# ####.#.#.##
#.# #######
#....#....####.# #.....#
#.#######...##.#
#.....###....#....#.##.####
#.........@@.#............#
#.....######.#..#########.#
#.....# #...## #.## ##..###
###.# ##... #>## #.# #....
#.# ##'## #.... #.# ##...##
#.<.. #### #.### ##.....##
##... ...# #.#.##
##..)....## ##.#.#


You could see Edmund.

Vanquished Creatures
  A scorpion (D:3)
  4 gnolls (D:2)
  5 adders
  2 worms (D:2)
  A dart slug (D:3)
  9 ball pythons
  2 endoplasms
  6 giant cockroaches
  4 goblins
  4 hobgoblins
  3 jackals
  8 kobolds
  A quokka (D:1)
  6 bats
  4 frilled lizards (D:1)
  8 rats
68 creatures vanquished.

Notes
Turn   | Place    | Note
-------+----------+-------------------------------------------
     0 | D:1      | Htamos the Kobold Enchanter began the quest for the Orb.
     0 | D:1      | Reached XP level 1. HP: 10/10 MP: 3/3
    67 | D:1      | Reached XP level 2. HP: 16/16 MP: 5/5
    76 | D:1      | Learned a level 2 spell: Ensorcelled Hibernation
   349 | D:1      | Reached XP level 3. HP: 12/20 MP: 3/6
  1080 | D:2      | Reached skill level 1 in Fighting
  1277 | D:2      | Reached XP level 4. HP: 25/25 MP: 4/7
  1423 | D:2      | Reached skill level 1 in Ice Magic
  1763 | D:2      | Reached XP level 5. HP: 29/29 MP: 9/9
  2745 | D:3      | Reached skill level 5 in Stealth
  2745 | D:3      | Reached XP level 6. HP: 35/35 MP: 5/10
  3319 | D:4      | Noticed Edmund
  3352 | D:3      | Slain by Edmund

Illustrated notes

Levels and vault maps discovered:
D:1:      dpeg_arrival_rooms_c, layout_loops_ring, chequers_jeans
D:2:      layout_rooms, grunt_decor_fettered, kennysheep_generic_room_7
D:3:      layout_loops_corners
D:4:      layout_gridville, mainiacjoe_overflow_24_doors, uniq_edmund

Skill      XL: |  1  2  3  4  5 |
---------------+----------------+-----
Short Blades   | 2 3 |  3.2
Fighting       | 1 2 |  2.0
Dodging        | 3 |  3.3
Ice Magic      | 1 |  1.8
Stealth        | 5 |  5.0
Spellcasting   | 3 |  3.1
Hexes          | |  3.5

Action                   |  1- 3 |  4- 6 || total
-------------------------+-------+-------++-------
Melee: Dagger            |    73 |    51 ||   124
 Cast: Ensorcelled Hiber |    10 |    32 ||    42
  Use: Potion            |       |     6 ||     6
       Scroll            |       |     1 ||     1
 Stab: Sleeping          |    22 |    30 ||    52
       Invisible         |       |     1 ||     1
Armor: Robe              |    12 |     3 ||    15
Dodge: Dodged            |    55 |    33 ||    88

Table legend: (Time is in decaauts)
 A = Elapsed time spent in this place.
 B = Non-inter-level travel time spent in this place.
 C = Inter-level travel time spent in this place.
 D = Time resting spent in this place.
 E = Time spent auto-exploring this place.
 F = Levels seen in this place.
 G = Mean time per level.
                   A        B        C        D        E       F      G
               +--------+--------+--------+--------+--------+-----+--------+
         Total |   3336 |   3290 |     46 |     98 |   2653 |   4 |  834.0 |
       Dungeon |   3336 |   3290 |     46 |     98 |   2653 |   4 |  834.0 |
               +--------+--------+--------+--------+--------+-----+--------+

Top non-repeatable levels by time:
     D:3: 1180 daAuts
     D:2: 1132 daAuts
     D:1: 999 daAuts
     D:4: 24 daAuts
